 Dungeon Crawl Stone Soup version 0.28-a0-1206-g193881aaa2 (webtiles) character file.

Game seed: 2709859268937887580

35 ytrimaz the Insei (level 3, -3/23 HPs)
             Began as an Octopode Transmuter on Dec 20, 2021.
             Slain by an orc priest (5 damage)
             ... on level 2 of the Dungeon.
             The game lasted 00:01:15 (2142 turns).

ytrimaz the Insei (Octopode Transmuter)             Turns: 2142, Time: 00:01:16

Health: -3/23      AC:  1    Str:  9    XL:     3   Next: 33%
Magic:  4/6        EV: 13    Int: 17    God:
Gold:   70         SH:  0    Dex: 12    Spells: 0/6 levels left

rFire   . . .      SeeInvis .     - Unarmed
rCold   . . .      Faith    .   (no shield)
rNeg    . . .      Spirit   .   (helmet restricted)
rPois   .          Reflect  .   (no amulet)
rElec   .          Harm     .   (no ring)
rCorr   .          Rampage  .   (no ring)
Will    .....                   (no ring)
Stlth   ++........              (no ring)
HPRegen 0.07/turn               (no ring)
MPRegen 0.10/turn               (no ring)
                                (no ring)
                                (no ring)

@: no status effects
A: almost no armour, amphibious, 8 rings, camouflage 1, gelatinous body 1,
(nimble swimmer 1), tentacles
a: no special abilities


You were on level 2 of the Dungeon.
You visited 1 branch of the dungeon, and saw 2 of its levels.

You collected 70 gold pieces.

Inventory:

Scrolls
 b - 2 scrolls of immolation
 c - a scroll of enchant armour
Potions
 a - 2 potions of invisibility
 d - a potion of cancellation {unknown}


   Skills:
 * Level 1.3 Fighting
 * Level 2.2 Dodging
 + Level 3.4 Unarmed Combat
 * Level 2.3 Spellcasting
 * Level 2.4 Transmutations


You couldn't memorise any spells.
You knew the following spells:

 Your Spells              Type           Power      Damage    Failure   Level
a - Beastly Appendage     Tmut           20%        N/A       7%          1
b - Wereblood             Tmut           10%        N/A       11%         2
c - Spider Form           Tmut/Pois      6%         N/A       34%         3

Your spell library contained the following spells:

 Spells                   Type           Power      Damage    Failure   Level
 Ice Form                 Ice/Tmut       6%         N/A       75%         4


Dungeon Overview and Level Annotations

Branches:
Dungeon (2/15)

Altars:


Innate Abilities, Weirdness & Mutations

You cannot wear most types of armour.
You are amphibious.
You can wear up to eight rings at the same time.
Your skin changes colour to match your surroundings (Stealth+).
Your rubbery body absorbs attacks. (AC +1, EV +1)
((You are camouflaged near water. (Stealth+)))
You have tentacles for arms and can constrict up to eight enemies at once.


Message History

You hit the orc.
The orc is heavily wounded.
You hit the orc.
The orc is poisoned.
The orc is moderately wounded.
Your transformation is almost over.
You hit the orc.
The orc looks as sick as possible!
The orc is almost dead.
You kill the orc!
You hit the orc but do no damage.
The orc is poisoned.
The orc is heavily wounded.
The orc misses you.
The orc priest grunts loudly.
You hit the orc.
You kill the orc!
You hit the orc.
The orc is poisoned.
The orc is heavily wounded.
The orc misses you.
You barely miss the orc.
The orc is heavily wounded.
The orc hits you with a +0 falchion.
You hit the orc.
The orc looks as sick as possible!
The orc is heavily wounded.
The orc hits you with a +0 falchion.
You hit the orc.
You kill the orc!
You hit the orc priest but do no damage.
You hit the orc priest.
The orc priest is lightly wounded.
Your transformation has ended.
The orc priest barely misses you.
You tentacle-slap the orc priest. Your grab misses the orc priest.
The orc priest is heavily wounded.
The orc priest mumbles some strange prayers to Beogh against you.
Pain shoots through your body!
* * * LOW HITPOINT WARNING * * *
You are too injured to fight recklessly!
You tentacle-slap the orc priest. You grab the orc priest.
The orc priest is severely wounded.
You constrict the orc priest. The orc priest hits you with a +0 mace.
You die...

##.###.####....###
#...
#...........###.##
#.###...........#
....#
#.###.......######
#.#.#
#..........)......
#.#.#
#.####....#.###.##
#.#.# #.#
##.####.# #.#
#.#.# #o# #..# #.#
#.# #.#.# #@# #.##
#.# #.# ###.#.#
#.# #<# #.# #.##
......##### #.#
#.# #.# #...
###.......# #.#
#.# #.# ####
#####.###.# #.#
#.# ### ...##.#
#.# #.# ...
##.##.###.### ...
#.#...... ##
##.##........ .#.
..... #..<........
....#


You could see an orc priest.

Vanquished Creatures
  3 orcs (D:2)
  3 ball pythons
  2 endoplasms
  2 hobgoblins
  3 jackals (D:1)
  4 quokkas
  3 frilled lizards
  4 goblins
  A kobold (D:1)
  2 rats (D:1)
27 creatures vanquished.

Notes
Turn   | Place    | Note
-------+----------+-------------------------------------------
     0 | D:1      | ytrimaz the Octopode Transmuter began the quest for the
                  | Orb.
     0 | D:1      | Reached XP level 1. HP: 13/13 MP: 3/3
   569 | D:1      | Reached XP level 2. HP: 2/18 MP: 5/5
  1560 | D:1      | Found a faded altar of an unknown god.
  1906 | D:2      | Reached XP level 3. HP: 18/23 MP: 4/6
  1910 | D:2      | Learned a level 2 spell: Wereblood
  1914 | D:2      | Learned a level 3 spell: Spider Form
  2142 | D:2      | Slain by an orc priest

Illustrated notes

Levels and vault maps discovered:
D:1:      psy_arrival_wood_between_worlds, layout_basic,
          dilly_ecumenical_altar_fadedgnrine
D:2:      layout_loops_ring

Action                   || total
-------------------------++-------
Melee: Unarmed           ||    76
       Constrict         ||    15
       Tentacles         ||     5
       Kick              ||     8
       Punch             ||     2
 Cast: Beastly Appendage ||    13
       Spider Form       ||     1
  Use: Scroll            ||     4
 Stab: Sleeping          ||     2
Armor: Skin              ||     5
Dodge: Dodged            ||    43

Table legend: (Time is in decaauts)
 A = Elapsed time spent in this place.
 B = Non-inter-level travel time spent in this place.
 C = Inter-level travel time spent in this place.
 D = Time resting spent in this place.
 E = Time spent auto-exploring this place.
 F = Levels seen in this place.
 G = Mean time per level.
                   A        B        C        D        E       F      G
               +--------+--------+--------+--------+--------+-----+--------+
         Total |   2136 |   2098 |     38 |    754 |   1107 |   2 | 1068.0 |
       Dungeon |   2136 |   2098 |     38 |    754 |   1107 |   2 | 1068.0 |
               +--------+--------+--------+--------+--------+-----+--------+

Top non-repeatable levels by time:
     D:1: 1725 daAuts
     D:2: 410 daAuts
